 Dungeon Crawl Stone Soup version 0.20-a0-433-g9e36e56 (webtiles) character file.

13 Asddderdsw the Stinger (level 2, -2/20 HPs)
             Began as a Draconian Venom Mage on Jan 4, 2017.
             Slain by a hobgoblin (3 damage)
             ... on level 1 of the Dungeon.
             The game lasted 00:07:49 (591 turns).

Asddderdsw the Stinger (Draconian Venom Mage)        Turns: 591, Time: 00:07:49

Health: -2/20      AC:  4    Str: 10    XL:     2   Next: 24%
Magic:  5/5        EV: 12    Int: 15    God:
Gold:   64         SH:  0    Dex: 11    Spells: 4/5 levels left

rFire  . . .     SeeInvis .     h - +0 spear
rCold  . . .     Gourm    .     (armour unavailable)
rNeg   . . .     Faith    .     (no shield)
rPois  .         Spirit   .     (helmet restricted)
rElec  .         Reflect  .     (no cloak)
rCorr  .         Harm     .     (no gloves)
MR     .....                    (no boots)
Stlth  ++........               (no amulet)
                                (no ring)
                                (no ring)

@: no status effects
A: unfitting armour, cold-blooded, AC +4
a: no special abilities


You were on level 1 of the Dungeon.
You were not hungry.

You visited 1 branch of the dungeon, and saw 1 of its levels.

You collected 64 gold pieces.

Inventory:

Hand Weapons
 e - a +0 dagger
 h - a +0 spear (weapon)
 k - a +0 dagger
 q - a cursed -2 spear
Missiles
 c - 34 arrows
 i - 13 bolts
 m - 18 stones (quivered)
 o - 8 tomahawks
Armour
 d - a +0 plate armour
Scrolls
 g - a scroll of remove curse {unknown}
 j - a scroll of fog {unknown}
 l - a scroll of enchant weapon {unknown}
 p - 3 scrolls of identify {unknown}
Books
 a - a Young Poisoner's Handbook

   Spells                             Type                      Level
   a - Sting                          Conjuration/Poison           1
   b - Mephitic Cloud                 Conjuration/Poison/Air       3
   c - Olgreb's Toxic Radiance        Poison                       4
   d - Alistair's Intoxication        Transmutation/Poison         5
   e - Venom Bolt                     Conjuration/Poison           5
Comestibles
 b - a bread ration
 f - a beef jerky
 n - 4 chunks of flesh


   Skills:
 + Level 1.8 Dodging
 + Level 1.9 Stealth
 + Level 2.4 Spellcasting
 + Level 1.0 Conjurations
 + Level 3.2 Poison Magic


You had 4 spell levels left.
You knew the following spells:

 Your Spells              Type           Power        Failure   Level  Hunger
a - Sting                 Conj/Pois      #...         12%         1    #......


Dungeon Overview and Level Annotations

Branches:
Dungeon (1/15)

Altars:


Innate Abilities, Weirdness & Mutations

Your plain brown scales are hard. (AC +4)
You cannot fit into any form of body armour.
You are cold-blooded and may be slowed by cold attacks.


Message History

Unknown command.
Casting: Sting
Confirm with . or Enter, or press ? or * to list all spells.
Aiming: Sting
Press: ? - help, Shift-Dir - straight line, f - hobgoblin
Aim: a hobgoblin (lightly wounded)
The sting misses the hobgoblin.
The hobgoblin hits you.
* * * LOW HITPOINT WARNING * * *
The hobgoblin barely misses you. The hobgoblin misses you.
The hobgoblin closely misses you. The hobgoblin barely misses you.
The hobgoblin hits you but does no damage.
The hobgoblin barely misses you. The hobgoblin hits you.
* * * LOW HITPOINT WARNING * * *
You see here a runed spear.
q - a runed spear The hobgoblin hits you.
You die...

###.. ##. ####### ###### #......
####....# #...... #########
#.......# #...... ####.......##
#.......###......
#.#.#.#.#.#.#####........##......
............#..@........########
#.#.#.#.#.#.#+.g.........#.......
..................#......#.######
#.#.#.#.#.#.#............#.# #
...............###########.# #
#.#.#>#.#.#.#..............# # #
###.......##############
#########


You could see a hobgoblin.

Vanquished Creatures
  An ooze (D:1)
  3 bats (D:1)
  2 giant cockroaches (D:1)
  A goblin (D:1)
  A frilled lizard (D:1)
  A rat (D:1)
9 creatures vanquished.

Notes
Turn   | Place    | Note
-------+----------+-------------------------------------------
     0 | D:1      | Asddderdsw the Draconian Venom Mage began the quest for the Orb.
     0 | D:1      | Reached XP level 1. HP: 14/14 MP: 3/3
     1 | D:1      | Noticed a large abomination
     3 | D:1      | Noticed an orb of fire
     6 | D:1      | Noticed an ice dragon
    22 | D:1      | Noticed a large abomination
    24 | D:1      | Noticed an orb of fire
    30 | D:1      | Noticed a large abomination
    32 | D:1      | Noticed an ice dragon
    33 | D:1      | Noticed an ice dragon
    37 | D:1      | Noticed a tentacled monstrosity
    57 | D:1      | Noticed a large abomination
   484 | D:1      | Reached XP level 2. HP: 13/20 MP: 5/5
   590 | D:1      | HP: 1/20 [hobgoblin (5)]
   591 | D:1      | Slain by a hobgoblin

Vault maps used:
D:1:      shiori_arrival_whats_in_store_for_you, grunt_decor_arrowhead,
          st_stairs_12

Action                   || total
-------------------------++-------
Melee: Spear             ||    27
       Dagger            ||     1
       Tailslap          ||     3
 Cast: Sting             ||     7
Armor: Skin              ||    34
Dodge: Dodged            ||    52
